 Dungeon Crawl Stone Soup version 0.23.0 (webtiles) character file.

Game seed: 5538186787569210966

9472 Masnef the Destroyer (level 11, 0/64 HPs)
             Began as a Deep Elf Monk on Feb 11, 2019.
             Was an Elder of Vehumet.
             Slain by Snorg (17 damage)
             ... on level 2 of the Lair of Beasts on Feb 12, 2019.
             The game lasted 01:12:49 (19335 turns).

Masnef the Destroyer (Deep Elf Monk)               Turns: 19335, Time: 01:12:49

Health: 0/64       AC: 11    Str:  8    XL:     11   Next: 23%
Magic:  13/20      EV: 19    Int: 19    God:    Vehumet [****..]
Gold:   291        SH:  0    Dex: 17    Spells: 14/20 levels left

rFire    . . .     SeeInvis .   a - +0 short sword
rCold    . . .     Gourm    .   (no shield)
rNeg     . . .     Faith    .   J - +3 leather armour
rPois    .         Spirit   .   (no helmet)
rElec    .         Reflect  .   k - +2 cloak
rCorr    .         Harm     .   (no gloves)
MR       +....                  (no boots)
Stlth    ++++......             (no amulet)
HPRegen  0.20/turn              h - +2 ring of protection
MPRegen  0.17/turn              r - ring of stealth

@: about to teleport, studying Conjurations
A: no striking features
a: Renounce Religion


You were on level 2 of the Lair of Beasts.
You worshipped Vehumet.
Vehumet was greatly pleased with you.
You were hungry.

You visited 3 branches of the dungeon, and saw 13 of its levels.

You collected 569 gold pieces.
You spent 278 gold pieces at shops.

Inventory:

Hand Weapons
 a - a +0 short sword (weapon)
 e - a +0 hunting sling
 t - a +0 hunting sling
Missiles
 D - 69 stones (quivered)
Armour
 b - a +2 robe
 k - a +2 cloak (worn)
 w - the +6 ring mail "Nuwkan" {Str+2 SInv}
   (You found it on level 4 of the Dungeon)

   It affects your strength (+2).
   It lets you see invisible.
 J - a +3 leather armour (worn)
Jewellery
 h - a +2 ring of protection (left hand)
 q - an uncursed ring of positive energy
 r - a ring of stealth (right hand)
 G - a cursed -4 ring of strength
Wands
 g - a wand of iceblast (5)
 l - a wand of random effects (22)
 n - a wand of enslavement (3)
 z - a wand of acid (12)
Scrolls
 o - a scroll of amnesia
 p - 4 scrolls of magic mapping
 s - a scroll of enchant weapon
 x - 3 scrolls of remove curse
 y - a scroll of teleportation
 A - a scroll of fog
 E - a scroll of vulnerability {unknown}
 F - a scroll of identify
Potions
 d - 2 potions of curing
 f - 2 potions of mutation
 i - 3 potions of agility
 j - a potion of lignification
 m - 2 potions of might
 u - 3 potions of invisibility
 B - a potion of heal wounds
 C - 4 potions of flight
Books
 v - a manual of Conjurations
Comestibles
 c - 14 rations
 H - 4 chunks of flesh


   Skills:
 + Level 6.1 Fighting
 - Level 5.0 Short Blades
 - Level 2.2 Armour
 + Level 10.8 Dodging
 - Level 6.0 Stealth
 - Level 5.0 Spellcasting
 * Level 12.5 Conjurations
 * Level 5.6 Fire Magic
 - Level 2.0 Ice Magic
 - Level 5.0 Earth Magic
 - Level 3.1 Evocations


You had 14 spell levels left.
You knew the following spells:

 Your Spells              Type           Power        Failure   Level  Hunger
a - Sandblast             Erth           ###...       1%          1    None
b - Throw Frost           Conj/Ice       ####..       1%          2    #......
c - Conjure Flame         Conj/Fire      #####...     1%          3    ##.....

Your spell library contained the following spells:

 Spells                   Type           Power        Failure   Level  Hunger
 Static Discharge         Conj/Air       ####....     1%          3    ##.....
 Poison Arrow             Conj/Pois      ####......   45%         6    #######
 Lehudib's Crystal Spear  Conj/Erth      #####.....   99%         8    #######
 Chain Lightning          Conj/Air       ####......   100%        8    #######
 Fire Storm               Conj/Fire      #####.....   100%        9    #######
 Glaciate                 Conj/Ice       ####......   100%        9    #######


Dungeon Overview and Level Annotations

Branches:
Dungeon (9/15)             Temple (1/1) D:4            Lair (3/6) D:8
  Swamp: Lair:2-4    Shoals: Lair:2-4     Snake: Lair:2-4    Spider: Lair:2-4
    Orc: D:9-12

Altars:
Ashenzari
Cheibriados
Dithmenos
Elyvilon
Fedhas
Gozag
Hepliaklqana
Kikubaaqudgha
Makhleb
Nemelex Xobeh
Okawaru
Qazlal
Ru
Sif Muna
Trog
Uskayaw
Vehumet
Wu Jian
Xom
Yredelemnul
Zin
The Shining One

Shops:
D:4 !   D:5 :?   D:6 *

Annotations:
D:3 centaur
D:5 bookbook
Lair:2 rime drake, Snorg


Message History

Casting: Sandblast (safe; 1% risk of failure)
Confirm with . or Enter, or press ? or * to list all spells.
Aiming: Sandblast (safe; 1% risk of failure)
Press: ? - help, Shift-Dir - straight line, f/p - Snorg
Aim: Snorg (heavily wounded)
The blast of sand misses Snorg.
D - 69 stones Snorg barely misses you. Snorg misses you. Snorg claws you.
* * * LOW HITPOINT WARNING * * *
Snorg goes berserk!
Snorg closely misses you. Snorg claws you.
* * * LOW HITPOINT WARNING * * *
Snorg misses you.
As you read the scroll of teleportation, it crumbles to dust.
You feel strangely unstable. Snorg misses you. Snorg claws you.
* * * LOW HITPOINT WARNING * * *
Snorg claws you.
* * * LOW HITPOINT WARNING * * *
Snorg misses you. Snorg closely misses you. Snorg claws you!
You die...

....###.. #......##.....#.......
....# ##............#....+..
[...# #......##.+.##.....## ....#
#.....#.#..##......#. ....##
##.................... .....#
#..........<..........
.....####PP#.....................
.................................
................@T...............
...............................>.
......##P..+#P...................
P..)..#......P.......#.##........
#...................##.#.........
#.....#......#.........##.......#
#.....#......#.....#............#
#.....P......#.........PP.......#
#............#....P# #.......#


You could see Snorg (berserk).

Vanquished Creatures
  A two-headed ogre (D:8)
  The ghost of flt the Sneak, a novice OpVM of Sif Muna (D:8)
  A black mamba (Lair:1)
  2 spiny frogs (Lair:2)
  Maurice (D:9)
  A rime drake (Lair:3)
  A komodo dragon (Lair:2)
  2 hippogriffs
  Grinder (D:4)
  11 yaks
  A hungry ghost (D:7)
  2 centaurs
  A basilisk (Lair:1)
  Menkaure (D:4)
  2 water moccasins
  3 porcupines (Lair:2)
  3 orc warriors
  An ice beast (D:9)
  2 sky beasts (D:6)
  4 ogres
  5 wolves (Lair:2)
  A big kobold (D:6)
  7 bullfrogs
  2 scorpions
  6 killer bees (D:9)
  3 wights (D:8)
  A howler monkey (D:9)
  2 centaur zombies
  5 crimson imps
  A jelly (D:5)
  A bullfrog zombie (D:5)
  2 hounds
  2 orc priests
  Crazy Yiuf (D:2)
  7 orc wizards
  A gnoll shaman (D:5)
  Jessica (D:2)
  8 worker ants
  A hound zombie (D:5)
  A howler monkey skeleton (D:5)
  9 gnolls
  11 adders
  2 shadow imps
  2 oozes
  2 worms
  A leopard gecko (D:9)
  20 orcs
  6 giant cockroaches
  10 goblins
  7 hobgoblins
  11 jackals
  12 kobolds
  2 quokkas
  2 ball pythons (D:3)
  4 bats
  6 frilled lizards
  A leopard gecko zombie (D:6)
  A quokka skeleton (D:5)
  7 rats (D:1)
216 creatures vanquished.

Vanquished Creatures (collateral kills)
  A rat (D:3)
1 creature vanquished.

Vanquished Creatures (others)
  An ogre (D:4)
  A centaur (D:4)
  A gnoll (D:3)
  A plant (Lair:2)
4 creatures vanquished.

Grand Total: 221 creatures vanquished

Notes
Turn   | Place    | Note
-------+----------+-------------------------------------------
     0 | D:1      | Masnef the Deep Elf Monk began the quest for the Orb.
     0 | D:1      | Reached XP level 1. HP: 13/13 MP: 3/3
   294 | D:1      | Reached XP level 2. HP: 18/18 MP: 4/4
  1362 | D:2      | Reached XP level 3. HP: 18/22 MP: 5/5
  1540 | D:2      | Noticed Jessica
  1648 | D:2      | Found a stormy altar of Qazlal.
  1993 | D:2      | Found a runed translucent door.
  1994 | D:2      | Noticed Crazy Yiuf
  2140 | D:2      | Killed Jessica
  2140 | D:2      | Reached XP level 4. HP: 4/27 MP: 6/6
  2857 | D:2      | Killed Crazy Yiuf
  2948 | D:3      | Found a bloodstained altar of Trog.
  3591 | D:2      | Reached XP level 5. HP: 29/32 MP: 7/7
  3979 | D:3      | Found a faded altar of an unknown god.
  4446 | D:4      | Found a staircase to the Ecumenical Temple.
  4466 | D:4      | Reached skill level 5 in Stealth
  4472 | Temple   | Entered the Ecumenical Temple
  4633 | Temple   | Became a worshipper of Vehumet
  4633 | Temple   | Reached * piety under Vehumet
  4633 | Temple   | Offered knowledge of Sandblast by Vehumet.
  4633 | Temple   | Reached ** piety under Vehumet
  4636 | Temple   | Learned a level 1 spell: Sandblast
  4705 | D:4      | Noticed Grinder
  4796 | D:4      | Found Kuatyt's Distillery.
  4804 | D:4      | Bought a potion of invisibility for 104 gold pieces
  4815 | D:4      | Noticed a centaur
  4815 | D:4      | Noticed an ogre
  4841 | D:4      | Noticed a centaur
  4862 | D:4      | Killed Grinder
  4862 | D:4      | Reached skill level 1 in Spellcasting
  4862 | D:4      | Reached XP level 6. HP: 20/37 MP: 7/9
  5079 | D:4      | Reached skill level 1 in Earth Magic
  5220 | D:4      | Got a bloodstained ring mail
  5233 | D:4      | Noticed Menkaure
  5628 | D:5      | Entered Level 5 of the Dungeon
  5703 | D:5      | Offered knowledge of Throw Frost by Vehumet.
  5703 | D:5      | Reached skill level 1 in Conjurations
  5707 | D:5      | Learned a level 2 spell: Throw Frost
  5796 | D:5      | Reached XP level 7. HP: 33/41 MP: 3/11
  5864 | D:5      | Found Eruran's Book Emporium.
  5894 | D:5      | Reached skill level 5 in Short Blades
  5894 | D:5      | Reached skill level 5 in Dodging
  6194 | D:5      | Identified the +6 ring mail "Nuwkan" {Str+2 SInv} (You
                  | found it on level 4 of the Dungeon)
  6277 | D:5      | Reached skill level 1 in Ice Magic
  6344 | D:5      | Reached skill level 2 in Conjurations
  6379 | D:5      | Found Ydadghaon's Magic Scroll Shop.
  6382 | D:5      | Bought a scroll of fog for 24 gold pieces
  6665 | D:5      | You fall through a shaft for 3 floors!
  6785 | D:7      | Found a shadowy altar of Dithmenos.
  6866 | D:6      | Found a shimmering altar of Xom.
  6871 | D:6      | Reached skill level 1 in Armour
  6871 | D:6      | Reached skill level 3 in Conjurations
  7119 | D:5      | Reached skill level 1 in Evocations
  7342 | D:5      | Reached XP level 8. HP: 45/46 MP: 6/14
  7454 | D:5      | Reached skill level 4 in Conjurations
  7844 | D:6      | Reached skill level 5 in Conjurations
  7984 | D:6      | Found Ugemiluff's General Store.
  8219 | D:3      | Reached skill level 6 in Conjurations
  8931 | D:5      | Offered knowledge of Conjure Flame by Vehumet.
  8936 | D:5      | Learned a level 3 spell: Conjure Flame
  9018 | D:6      | Reached skill level 7 in Conjurations
  9666 | D:7      | Noticed a hippogriff
  9681 | D:7      | Reached XP level 9. HP: 30/52 MP: 11/17
  9838 | D:7      | Reached skill level 5 in Spellcasting
 10006 | D:7      | Reached *** piety under Vehumet
 10006 | D:7      | Reached skill level 8 in Conjurations
 10668 | D:8      | Noticed a two-headed ogre
 11140 | D:8      | Found a staircase to the Lair.
 11463 | D:5      | Bought a scroll of teleportation for 36 gold pieces
 11463 | D:5      | Bought a scroll of summoning for 114 gold pieces
 11620 | D:8      | Noticed flt's ghost (novice OpVM)
 11623 | D:8      | Found a runed translucent door.
 11789 | D:8      | Reached skill level 5 in Earth Magic
 11791 | D:8      | Reached skill level 9 in Conjurations
 12087 | D:8      | Found a staircase to the Lair.
 12146 | D:8      | Found a runed translucent door.
 12591 | D:9      | Noticed a red ugly thing
 12629 | Lair:1   | Entered Level 1 of the Lair of Beasts
 13779 | Lair:1   | Offered knowledge of Static Discharge by Vehumet.
 13779 | Lair:1   | Reached skill level 10 in Conjurations
 13779 | Lair:1   | Reached skill level 1 in Fire Magic
 13866 | Lair:1   | Found a basalt altar of Yredelemnul.
 14015 | Lair:1   | Noticed a black mamba
 14026 | Lair:1   | Killed a black mamba
 14026 | Lair:1   | Reached XP level 10. HP: 42/58 MP: 19/19
 15041 | Lair:2   | Noticed a spiny frog
 15056 | Lair:2   | Killed a spiny frog
 15175 | Lair:2   | Reached skill level 5 in Fighting
 15629 | D:9      | Reached skill level 11 in Conjurations
 16010 | D:8      | Found a runed translucent door.
 16038 | D:8      | Killed a two-headed ogre
 16157 | D:8      | Found a staircase to the Lair.
 16312 | D:8      | Killed flt's ghost
 16923 | D:3      | Found a faded altar of an unknown god.
 17011 | D:3      | Found a bloodstained altar of Trog.
 17455 | D:4      | Killed Menkaure
 17455 | D:4      | Reached skill level 10 in Dodging
 17586 | D:9      | HP: 2/59 [red ugly thing (21)]
 18510 | D:9      | Noticed Maurice
 18527 | D:9      | Killed Maurice
 18527 | D:9      | Reached skill level 12 in Conjurations
 18527 | D:9      | Reached skill level 5 in Fire Magic
 18535 | D:9      | Found a sacrificial altar of Ru.
 18637 | Lair:2   | Reached XP level 11. HP: 51/64 MP: 13/20
 18892 | Lair:2   | Reached **** piety under Vehumet
 19297 | Lair:3   | Noticed Snorg
 19335 | Lair:2   | Slain by Snorg

Skill      XL: |  1  2  3  4  5  6  7  8  9 10 11 |
---------------+----------------------------------+-----
Stealth        | 3 4 5 6 |  6.0
Dodging        | 4 5 6 8 10 | 10.8
Short Blades   | 4 5 |  5.0
Fighting       | 3 4 5 6 |  6.1
Spellcasting   | 1 3 4 5 |  5.0
Earth Magic    | 1 2 3 5 |  5.0
Conjurations   | 1 3 7 10 12 | 12.5
Ice Magic      | 2 |  2.0
Armour         | 1 2 |  2.2
Evocations     | 1 3 |  3.1
Fire Magic     | 2 5 |  5.6

Action                   |  1- 3 |  4- 6 |  7- 9 | 10-12 || total
-------------------------+-------+-------+-------+-------++-------
Melee: Short sword       |   160 |   224 |   276 |    24 ||   684
 Cast: Throw Frost       |       |     3 |    92 |    28 ||   123
       Sandblast         |       |       |   154 |   180 ||   334
Evoke: Wand              |       |     8 |     7 |    15 ||    30
  Use: Scroll            |     3 |     6 |     8 |     6 ||    23
       Potion            |       |     2 |     1 |     2 ||     5
 Stab: Sleeping          |     8 |    11 |    18 |    10 ||    47
       Paralysed         |       |       |     1 |       ||     1
  Eat: Chunk             |     4 |    10 |    19 |     6 ||    39
       Ration            |       |     1 |     3 |     5 ||     9
Armor: Robe              |    35 |    54 |    88 |       ||   177
       Ring mail         |       |       |     2 |       ||     2
       Leather armour    |       |       |       |    44 ||    44
Dodge: Dodged            |   121 |   152 |   302 |   154 ||   729
